 Dungeon Crawl Stone Soup version 0.30.0-19-g36f170ea60 (webtiles) character file.

Game seed: 17365696344665341559

252 GimliDwarf the Grave Robber (level 5, -1/35 HPs)
             Began as a Demonspawn Necromancer on June 1, 2023.
             Slain by an ogre
             ... wielding a +0 giant club
              (14 damage)
             ... on level 4 of the Dungeon.
             The game lasted 00:13:44 (3640 turns).

GimliDwarf the Grave Robber (DsNe)                  Turns: 3640, Time: 00:13:44

Health: -1/35      AC: 13    Str:  9    XL:     5   Next: 89%
Magic:  8/10       EV: 12    Int: 18    God:
Gold:   149        SH:  0    Dex: 13    Spells: 3/11 levels left

rFire   . . .        r - +1 hand axe (pain)
rCold   . . .        (no shield)
rNeg    . . .        a - +0 robe
rPois   .            f - +0 helmet
rElec   .            h - +0 cloak
rCorr   .            (no gloves)
SInv    .            (no boots)
Will    .....        (no amulet)
Stlth   ++           (no ring)
HPRegen 0.25/turn    (no ring)
MPRegen 0.12/turn

%: no passive effects
@: sanguine armoured
A: demonic guardian 1, sanguine armour 2
a: no special abilities


You were on level 4 of the Dungeon.
You visited 1 branch of the dungeon, and saw 4 of its levels.

You collected 149 gold pieces.

Inventory:

Hand Weapons
 g - a +1 sling of flaming
 r - a +1 hand axe of pain (weapon)
Missiles
 c - a throwing net
 m - 6 atropa-tipped darts
Armour
 a - a +0 robe (worn)
 f - a +0 helmet (worn)
 h - a +0 cloak (worn)
Jewellery
 q - a ring of magical power
Scrolls
 i - 5 scrolls of teleportation
 l - a scroll of blinking {unknown}
 o - a scroll of enchant armour {unknown}
Potions
 b - 3 potions of magic
 d - a potion of mutation {unknown}
 e - a potion of cancellation
 j - a potion of haste
 k - a potion of lignification {unknown}
 n - a potion of flight {unknown}


   Skills:
 * Level 3.0 Dodging
 - Level 1.7 Stealth
 + Level 3.7 Spellcasting
 + Level 6.1 Necromancy


You had 3 spell levels left.
You knew the following spells:

 Your Spells              Type           Power      Damage    Failure   Level
a - Necrotise             Necr           100%       1d9       1%          1
b - Vampiric Draining     Necr           25%        2d7       3%          3
c - Animate Dead          Necr           25%        N/A       12%         4

Your spell library contained the following spells:

 Spells                   Type           Power      Damage    Failure   Level
 Lesser Beckoning         Tloc           6%         N/A       22%         2
 Gell's Gravitas          Tloc           3%         N/A       41%         3
 Teleport Other           Tloc           3%         N/A       41%         3
 Agony                    Necr           25%        N/A       32%         5


Dungeon Overview and Level Annotations

Branches:
Dungeon (4/15)
 Temple: D:4-7

Altars:


Innate Abilities, Weirdness & Mutations

A weak demonic guardian rushes to your aid.
When seriously injured, your blood forms thick armour. (AC +9)


Message History

The ogre attacks as you move away! The ogre barely misses you.
Aiming: Necrotise (safe; 1% risk of failure)
Press: ? - help, Q - select action, (/) - cycle Shift-Dir - straight line, f/p - ogre
Aim: an ogre, wielding a +0 giant club (moderately wounded, chance to affect: 83%)
The ogre writhes in agony.
The ogre attacks as you move away! The ogre closely misses you.
The ogre attacks as you move away! The ogre barely misses you.
Aiming: Necrotise (safe; 1% risk of failure)
Press: ? - help, Q - select action, (/) - cycle Shift-Dir - straight line, f/p - ogre
Aim: an ogre, wielding a +0 giant club (heavily wounded, chance to affect: 83%)
The ogre writhes in agony.
The ogre attacks as you move away! The ogre closely misses you.
The ogre attacks as you move away! The ogre closely misses you.
Aiming: Necrotise (safe; 1% risk of failure)
Press: ? - help, Q - select action, (/) - cycle Shift-Dir - straight line, f/p - ogre
Aim: an ogre, wielding a +0 giant club (heavily wounded, chance to affect: 83%)
The ogre writhes in agony!
The ogre attacks as you move away! The ogre barely misses you.
The ogre attacks as you move away! The ogre hits you with a +0 giant club.
Aiming: Necrotise (safe; 1% risk of failure)
Press: ? - help, Q - select action, (/) - cycle Shift-Dir - straight line, f/p - ogre
Aim: an ogre, wielding a +0 giant club (almost dead, chance to affect: 83%)
The ogre barely resists.
The ogre attacks as you move away! The ogre barely misses you.
The ogre attacks as you move away! The ogre closely misses you.
Aiming: Necrotise (safe; 1% risk of failure)
Press: ? - help, Q - select action, (/) - cycle Shift-Dir - straight line, f/p - ogre
Aim: an ogre, wielding a +0 giant club (severely wounded, chance to affect: 83%)
The ogre barely resists.
The ogre attacks as you move away!
The ogre hits you with a +0 giant club!!
Ouch! That really hurt!
Your blood congeals into armour.
The ogre attacks as you move away! The ogre hits you with a +0 giant club.
Aiming: Necrotise (safe; 1% risk of failure)
Press: ? - help, Q - select action, (/) - cycle Shift-Dir - straight line, f/p - ogre
Aim: an ogre, wielding a +0 giant club (severely wounded, chance to affect: 83%)
The ogre writhes in agony.
The ogre attacks as you move away! The ogre hits you with a +0 giant club!
You die...

#.# #.# #.# #.# #.# #.#.#
#.# #.#.# #.# #.#.# #.#
#.#.# #######.###.#.#
##.........O.#.#
#####...####.###@#.#####.
...........#.###....?....
#####...##<#.#.....######
##.###.#.......# #.
#.###.#.#.#### #. #.#
#...[....# ## #.
#.###...#<##.# .. #.
........#.######.# ##
#.###............#


You could see an ogre.

Vanquished Creatures
  An orc priest (D:3)
  Natasha (twice) (D:3)
  2 gnolls (D:3)
  4 adders (D:2)
  A worm (D:2)
  2 dart slugs
  4 orcs (D:3)
  8 bats
  8 endoplasms
  A giant cockroach (D:1)
  8 goblins
  6 hobgoblins
  4 jackals
  7 kobolds
  2 quokkas (D:2)
  5 ball pythons
  A frilled lizard (D:1)
  3 rats
69 creatures vanquished.

Vanquished Creatures (collateral kills)
  Natasha (D:3)
  A gnoll (D:3)
  An endoplasm (D:2)
  A jackal (D:3)
  A frilled lizard (D:1)
5 creatures vanquished.

Vanquished Creatures (others)
  A goblin (D:4)
1 creature vanquished.

Grand Total: 75 creatures vanquished

Notes
Turn   | Place    | Note
-------+----------+-------------------------------------------
     0 | D:1      | GimliDwarf the Demonspawn Necromancer began the quest for
                  | the Orb.
     0 | D:1      | Reached XP level 1. HP: 13/13 MP: 3/3
   264 | D:1      | Gained mutation: When seriously injured, your blood forms
                  | armour. (AC +9) [demonic ancestry]
   264 | D:1      | Reached XP level 2. HP: 19/19 MP: 0/5
   931 | D:1      | Reached skill level 5 in Necromancy
  1206 | D:2      | Gained mutation: A weak demonic guardian rushes to your
                  | aid. [demonic ancestry]
  1206 | D:2      | Reached XP level 3. HP: 24/24 MP: 2/6
  1210 | D:2      | Learned a level 3 spell: Vampiric Draining
  1575 | D:2      | Found a faded altar of an unknown god.
  1676 | D:2      | Reached XP level 4. HP: 25/30 MP: 0/8
  1699 | D:2      | Learned a level 4 spell: Animate Dead
  2872 | D:3      | Gained mutation: When seriously injured, your blood forms
                  | thick armour. (AC +9) [demonic ancestry]
  2872 | D:3      | Reached XP level 5. HP: 14/35 MP: 3/10
  3272 | D:3      | Noticed Natasha
  3276 | D:3      | Killed Natasha
  3453 | D:3      | Noticed Natasha
  3458 | D:3      | Killed Natasha
  3459 | D:3      | Reached skill level 6 in Necromancy
  3512 | D:3      | Noticed Natasha
  3516 | D:3      | Killed Natasha
  3579 | D:4      | Noticed an ogre
  3640 | D:4      | Slain by an ogre

Illustrated notes

Levels and vault maps discovered:
D:1:      tarquinn_simple_flora_water_e, layout_loops_corners,
          dreamdust_mushroom_princess, minmay_heptomino_h4
D:2:      cheibrodos_old_hovel, layout_loops_ring,
          shapermc_ecumenical_altar_mp_ritualfount, minmay_pentomino_pile
D:3:      layout_loops_cross, uniq_natasha
D:4:      layout_loops_ring, grunt_temple_overflow_holy_war,
          kennysheep_mini_moat, grunt_decor_fettered, uniq_ijyb,
          uniq_crazy_yiuf_cottage

Skill      XL: |  1  2  3  4  5 |
---------------+----------------+-----
Dodging        | 2 3 |  3.0
Necromancy     | 5 6 |  6.1
Spellcasting   | 3 |  3.7
Stealth        | |  1.7

Action                     |  1- 3 |  4- 6 || total
---------------------------+-------+-------++-------
  Melee: Dagger            |    10 |       ||    10
  Throw: Dart              |       |     1 ||     1
   Cast: Necrotise         |    55 |    87 ||   142
         Vampiric Draining |     1 |       ||     1
    Use: Scroll            |       |     7 ||     7
 Armour: Robe              |    16 |    11 ||    27
  Dodge: Dodged            |    28 |    27 ||    55
